AoeStats
← ByNa

Yucatan

510418141Analyzed
4v4 RM · 2d ago on Sep 30, 2026· 49m 33s· 8 players
Game mode
Random Map
Map size
Large (8 player)
Population
200
Speed
Normal
Resources
Standard
Victory
Conquest
Starting age
Dark Age
Ending age
Imperial Age
RankedLock teamsTeams togetherTeam positionsShared explorationLock speedFull tech treeHidden civsTurbo modeCheats
Victory
Defeat
🇺🇸 Chinese · United States
1383
+7
🇨🇦 Persians · Canada
1232
+12
🇬🇧 Franks · United Kingdom
1161
+14
🇳🇱 Franks · Netherlands
1017
+20
🇲🇽 Britons · Mexico
1189
-15
🇲🇽 Persians · Mexico
1170
-15
🇧🇷 Jurchens · Brazil
1096
-12
🇦🇷 Franks · Argentina
1074
-11
Eduardo
3:08 Loom
9:45 Feudal Age
9:50 Man-at-Arms
15:54 Wheelbarrow
16:42 Forging
23:19 Castle Age
21:24 Double-Bit Axe
34:34 Imperial Age
31:49 Pikeman
33:33 Iron Casting
32:58 Scale Mail Armor
33:04 Scale Barding Armor
35:10 Chain Mail Armor
34:41 Halberdier
37:56 Plate Mail Armor
39:31 Blast Furnace
39:44 Chain Barding Armor
39:41 Fletching
39:52 Padded Archer Armor
40:31 Squires
40:17 Arson
40:18 Gambesons
42:17 Hoardings
42:29 Plate Barding Armor
41:51 Bodkin Arrow
42:53 Bow Saw
44:15 Leather Archer Armor
46:12 Ring Archer Armor
45:42 Bracer
47:26 Elite Longbowman
49:23 Onager
gerardovalher
9:52 Loom
11:55 Feudal Age
13:01 Double-Bit Axe
17:35 Castle Age
16:10 Forging
16:55 Bloodlines
17:51 Gold Mining
20:08 Husbandry
23:28 Scale Barding Armor
25:28 Town Watch
27:13 Iron Casting
29:12 Wheelbarrow
29:32 Bow Saw
38:24 Horse Collar
39:27 Heavy Plow
44:45 Elite Skirmisher
47:13 Stone Mining
48:30 Fletching
48:41 Padded Archer Armor
ByNa
8:07 Loom
10:15 Feudal Age
11:12 Double-Bit Axe
22:59 Castle Age
22:29 Wheelbarrow
24:26 Gold Mining
24:48 Bow Saw
25:20 Scale Barding Armor
25:26 Forging
28:09 Chain Barding Armor
29:37 Town Watch
30:17 Hand Cart
31:28 Iron Casting
34:37 Husbandry
35:31 Fletching
36:24 Bodkin Arrow
39:38 Gold Shaft Mining
38:58 Stone Mining
45:26 Imperial Age
45:29 Cavalier
46:47 Plate Barding Armor
47:12 Blast Furnace
46:37 Chivalry
47:14 Hoardings
47:22 Paladin
49:56 Conscription
tony.li
8:45 Loom
11:27 Feudal Age
17:07 Castle Age
16:30 Forging
16:26 Scale Barding Armor
16:13 Double-Bit Axe
17:11 Bloodlines
18:16 Husbandry
20:43 Chain Barding Armor
23:18 Iron Casting
23:02 Horse Collar
25:51 Wheelbarrow
25:04 Town Watch
31:31 Bow Saw
32:09 Gold Mining
34:04 Hand Cart
39:04 Imperial Age
37:05 Heavy Plow
37:16 Town Patrol
39:31 Fletching
41:38 Blast Furnace
41:14 Plate Barding Armor
41:20 Elite Steppe Lancer
42:55 Bodkin Arrow
44:30 Ballistics
45:10 Chemistry
44:16 Siege Engineers
43:59 Heavy Rocket Cart
45:26 Conscription
45:20 Thunderclap Bombs
45:13 Fortified Bastions
47:56 Coinage
47:55 Elite Iron Pagoda
The Daunting Knight
0:27 Loom
11:05 Feudal Age
11:45 Double-Bit Axe
14:45 Castle Age
12:46 Fletching
13:09 Gold Mining
14:44 Padded Archer Armor
15:23 Bodkin Arrow
15:18 Crossbowman
18:47 Leather Archer Armor
21:19 Ballistics
21:16 Forging
24:21 Horse Collar
31:23 Thumb Ring
36:18 Stone Mining
37:03 Gold Shaft Mining
36:23 Stone Mining
37:12 Gold Shaft Mining
39:14 Imperial Age
37:21 Wheelbarrow
36:38 Stone Mining
37:29 Town Watch
38:56 Hand Cart
40:17 Bow Saw
40:12 Heavy Plow
39:48 Arbalester
40:30 Bracer
41:02 Ring Archer Armor
41:38 Chemistry
41:36 Stone Shaft Mining
41:49 Gold Shaft Mining
41:57 Capped Ram
43:25 Iron Casting
42:55 Scale Barding Armor
43:27 Siege Ram
44:40 Conscription
45:24 Blast Furnace
45:30 Bloodlines
45:20 Husbandry
46:09 Murder Holes
45:37 Cavalier
47:22 Chain Barding Armor
47:02 Scale Mail Armor
48:19 Scale Mail Armor
48:57 Plate Barding Armor
49:25 Elite Chu Ko Nu
50:06 Great Wall
50:26 Rocketry
Lazy Dog
7:03 Loom
9:15 Feudal Age
10:12 Double-Bit Axe
12:04 Wheelbarrow
12:20 Wheelbarrow
12:38 Wheelbarrow
16:02 Scale Barding Armor
16:07 Forging
24:01 Castle Age
23:27 Gold Mining
24:04 Stone Mining
24:55 Husbandry
31:50 Chain Barding Armor
33:38 Light Cavalry
38:49 Imperial Age
37:18 Iron Casting
38:18 Hand Cart
39:25 Cavalier
40:47 Plate Barding Armor
40:24 Bow Saw
41:54 Conscription
43:14 Blast Furnace
46:03 Paladin
Medina90
6:54 Loom
9:20 Feudal Age
14:26 Double-Bit Axe
17:35 Wheelbarrow
20:43 Castle Age
21:00 Scale Barding Armor
21:05 Forging
21:09 Gold Mining
21:17 Light Cavalry
25:25 Husbandry
26:30 Chain Barding Armor
28:31 Hand Cart
29:28 Bow Saw
35:07 Gold Shaft Mining
34:23 Stone Mining
37:28 Imperial Age
35:47 Iron Casting
37:34 Cavalier
38:51 Plate Barding Armor
39:16 Blast Furnace
38:51 Plate Barding Armor
39:16 Blast Furnace
38:59 Paladin
41:34 Chemistry
Burgoman2
6:56 Loom
10:00 Feudal Age
10:29 Double-Bit Axe
22:34 Castle Age
20:48 Bloodlines
21:51 Gold Mining
22:15 Scale Barding Armor
22:06 Horse Collar
22:39 Forging
24:07 Husbandry
24:52 Gold Shaft Mining
25:31 Chain Barding Armor
25:54 Bow Saw
28:04 Iron Casting
33:39 Wheelbarrow
39:19 Ballistics
41:54 Imperial Age
39:41 Hand Cart
39:12 Town Watch
41:07 Heavy Plow
41:18 Kamandaran
42:40 Conscription
42:48 Cavalier
43:52 Crossbowman
44:24 Fletching
45:30 Bodkin Arrow
47:07 Chemistry
46:55 Town Patrol
47:44 Thumb Ring
47:41 Padded Archer Armor
48:22 Heavy Camel Rider
49:40 Plate Barding Armor
49:10 Heavy Scorpion
50:07 Leather Archer Armor
Connection lost

Rejoining the realm…

Still unreachable

The connection could not be restored.

Session expired

The server has moved on; the page needs a fresh start.